AoeStats
← masahu95

MegaRandom

505334076Analyzed
3v3 RM · 22d ago on Sep 8, 2026· 43m 36s· 6 players
Game mode
Random Map
Map size
Normal (6 player)
Population
200
Speed
Normal
Resources
Standard
Victory
Conquest
Starting age
Dark Age
Ending age
Imperial Age
RankedLock teamsTeams togetherTeam positionsShared explorationLock speedFull tech treeHidden civsTurbo modeCheats
Victory
Defeat
🇵🇱 Malay · Poland
994
+17
🇪🇨 Italians · Ecuador
912
+20
🇨🇴 Franks · Colombia
907
+20
🇩🇪 Koreans · Germany
1034
-20
🇦🇷 Franks · Argentina
1019
-20
🇨🇴 Mongols · Colombia
947
-17
Icke
4:50 Loom
5:21 Loom
10:48 Feudal Age
12:05 Wheelbarrow
11:40 Horse Collar
11:49 Double-Bit Axe
18:03 Castle Age
16:04 Gold Mining
16:27 Fletching
18:07 Crossbowman
18:53 Thumb Ring
20:12 Bodkin Arrow
mr.aaandrex
2:46 Loom
11:42 Feudal Age
12:47 Horse Collar
12:56 Double-Bit Axe
15:27 Gold Mining
18:57 Castle Age
19:54 Heavy Plow
20:46 Forging
23:33 Bloodlines
24:07 Wheelbarrow
25:18 Iron Casting
25:11 Husbandry
28:04 Scale Barding Armor
31:15 Chain Barding Armor
30:56 Padded Archer Armor
32:15 Hand Cart
32:22 Fletching
34:49 Ballistics
36:58 Bow Saw
38:05 Bodkin Arrow
Ramonx33
9:17 Feudal Age
11:29 Loom
17:27 Castle Age
17:12 Fletching
19:08 Padded Archer Armor
19:21 Elite Skirmisher
22:08 Leather Archer Armor
22:52 Double-Bit Axe
23:55 Pikeman
29:26 Wheelbarrow
28:37 Town Watch
Fat man
9:19 Feudal Age
8:36 Loom
9:57 Double-Bit Axe
11:51 Fletching
21:32 Castle Age
20:43 Padded Archer Armor
21:36 Crossbowman
22:23 Bodkin Arrow
24:29 Bow Saw
27:38 Wheelbarrow
27:05 Gold Mining
30:14 Hand Cart
37:55 Imperial Age
36:44 Thumb Ring
36:59 Leather Archer Armor
38:08 Arbalester
40:31 Town Watch
41:42 Bracer
43:59 Town Patrol
Cayo
10:24 Feudal Age
9:05 Loom
10:10 Double-Bit Axe
10:09 Horse Collar
17:35 Castle Age
16:52 Stone Mining
16:58 Gold Mining
17:15 Squires
17:07 Arson
19:00 Bow Saw
19:06 Heavy Plow
20:24 Forging
20:47 Fletching
22:10 Stone Shaft Mining
22:07 Murder Holes
23:02 Bodkin Arrow
31:28 Town Watch
32:49 Iron Casting
34:15 Wheelbarrow
38:55 Imperial Age
38:44 Guilds
39:56 Elite Karambit Warrior
42:23 Spies/Treason
masahu95
9:26 Feudal Age
10:11 Double-Bit Axe
17:26 Castle Age
17:24 Stone Mining
22:59 Forging
22:55 Scale Barding Armor
23:07 Bow Saw
24:54 Gold Mining
26:01 Wheelbarrow
27:00 Husbandry
27:55 Gold Shaft Mining
30:57 Imperial Age
28:17 Loom
29:27 Hand Cart
31:30 Cavalier
32:33 Conscription
32:14 Chivalry
32:58 Hand Cart
35:07 Iron Casting
34:52 Chain Barding Armor
35:23 Paladin
36:05 Pikeman
36:45 Squires
36:32 Arson
37:09 Halberdier
39:30 Blast Furnace
39:54 Plate Barding Armor
40:04 Spies/Treason
Connection lost

Rejoining the realm…

Still unreachable

The connection could not be restored.

Session expired

The server has moved on; the page needs a fresh start.